 Dungeon Crawl Stone Soup version 0.19-a0-1773-gaa448fe (webtiles) character file.

495 Itekku the Insei (level 7, -2/46 HPs)
             Began as an Octopode Transmuter on Oct 14, 2016.
             Slain by Duvessa
             ... wielding a +0 short sword
              (15 damage)
             ... on level 4 of the Dungeon.
             The game lasted 00:22:26 (3807 turns).

Itekku the Insei (Octopode Transmuter)              Turns: 3807, Time: 00:22:26

Health: -2/46      AC:  2    Str:  9    XL:     7   Next: 15%
Magic:  10/11      EV: 21    Int: 18    God:
Gold:   190        SH:  0    Dex: 17    Spells: 4 memorised, 2 levels left

rFire  . . .     SeeInvis .       - Unarmed
rCold  . . .     Gourm    .     (shield currently unavailable)
rNeg   . . .     Faith    .     (helmet currently unavailable)
rPois  x         Spirit   .     n - amulet of regeneration
rElec  .         Dismiss  .     (no ring)
rCorr  .         Reflect  .     (no ring)
MR     .....     Harm     .     (no ring)
Stlth  ++........               (no ring)
                                (no ring)
                                (no ring)
                                (no ring)
                                (no ring)

@: spider-form (expiring)
A: almost no armour, stealthy swim, (amphibious), 8 rings, (constrict 8),
(camouflage 0), regeneration 1, (gelatinous body 0)
a: End Transformation


You were on level 4 of the Dungeon.
You were not hungry.
You were a venomous arachnid creature.
You visited 1 branch of the dungeon, and saw 4 of its levels.

You collected 190 gold pieces.

Inventory:

Hand Weapons
 g - a +0 dagger
Missiles
 a - 39 arrows
Jewellery
 n - an amulet of regeneration (around neck)
Wands
 o - a wand of acid (6/15)
Scrolls
 e - 5 scrolls of remove curse
 f - a scroll of enchant weapon
 l - 3 scrolls of teleportation
 u - a scroll of amnesia
 v - a scroll of recharging
Potions
 d - a potion of flight
 h - a potion of brilliance {unknown}
 i - a potion of curing
 m - 2 potions of might {unknown}
 p - a potion of lignification {unknown}
 r - a potion of haste
 x - a potion of ambrosia {unknown}
Books
 b - a book of Changes

   Spells                             Type                      Level
   a - Beastly Appendage              Transmutation                1
   b - Sticks to Snakes               Transmutation                2
   c - Spider Form                    Transmutation/Poison         3
   d - Ice Form                       Ice/Transmutation            4
   e - Blade Hands                    Transmutation                5
Comestibles
 c - 3 bread rations
 j - 2 chunks of flesh
 k - 2 meat rations
 q - a beef jerky
 s - a slice of pizza
 t - 3 fruits


   Skills:
 + Level 3.3 Fighting
 + Level 3.5 Dodging
 + Level 4.6 Unarmed Combat
 + Level 3.1 Spellcasting
 * Level 4.0 Transmutations


You had 2 spell levels left.
You knew the following spells:

 Your Spells              Type           Power        Failure   Level  Hunger
a - Beastly Appendage     Tmut           ###...       12%         1    None
b - Sticks to Snakes      Tmut           ###.....     17%         2    ##.....
c - Spider Form           Tmut/Pois      ##........   45%         3    ###....
d - Ice Form              Ice/Tmut       ##......     91%         4    ####...


Dungeon Overview and Level Annotations

Branches:
Dungeon (4/15)
 Temple: D:4-7

Altars:
Ashenzari
Cheibriados
Makhleb
Okawaru
Qazlal

Annotations:
D:4 Duvessa


Innate Abilities, Weirdness & Mutations

You cannot wear most types of armour.
You are very stealthy in the water.
((You are amphibious.))
You can wear up to eight rings at the same time.
((You can use your tentacles to constrict eight enemies at once.))
((Your skin changes colour to match your surroundings (Stealth+).))
((Your rubbery body absorbs attacks. (AC +1, EV +1)))
Your natural rate of healing is unusually fast.


Message History

Duvessa is heavily wounded.
Duvessa closely misses you. Duvessa completely misses you.
You hit Duvessa.
Duvessa looks as sick as possible!
Duvessa is severely wounded.
Duvessa misses you.
You bite Duvessa!
Duvessa looks as sick as possible!
Duvessa is severely wounded.
Duvessa barely misses you.
You barely miss Duvessa.
Duvessa is almost dead.
Duvessa hits you with a short sword!
* * * LOW HITPOINT WARNING * * *
Duvessa hits you with a short sword!
* * * LOW HITPOINT WARNING * * *
You barely miss Duvessa.
Duvessa is almost dead.
Duvessa hits you with a short sword.
* * * LOW HITPOINT WARNING * * *
You feel better. Duvessa misses you. Duvessa hits you with a short sword!
You die...

#...#.#.# ########.#.#
.........#.#
##########.# ### #.# #..
#.# #.# #.# #.#
##########.#####.####.#
#...............s)....#
....#####.######.e......
..).# #.# #########
....# #.# .(..# #.#
....# #.# ....# #.#
....# #.# ....# #.#


You could see Duvessa (berserk).

Vanquished Creatures
  Purgy (D:4)
  A sky beast (D:4)
  Dowan (D:4)
  Terence (D:3)
  A worker ant (D:4)
  Robin (D:2)
  8 gnolls (D:3)
  A howler monkey skeleton (D:4)
  3 adders
  2 dart slugs
  3 worms
  4 leopard geckos
  An orc (D:4)
  3 giant cockroaches
  16 goblins
  7 hobgoblins
  6 jackals
  A quokka (D:4)
  2 bats
  3 frilled lizards
  8 kobolds
  9 rats
83 creatures vanquished.

Vanquished Creatures (collateral kills)
  A dart slug (D:2)
  2 goblins (D:2)
  A hobgoblin (D:2)
  A jackal (D:2)
5 creatures vanquished.

Grand Total: 88 creatures vanquished

Notes
Turn   | Place    | Note
-------+----------+-------------------------------------------
     0 | D:1      | Itekku the Octopode Transmuter began the quest for the Orb.
     0 | D:1      | Reached XP level 1. HP: 13/13 MP: 3/3
   321 | D:1      | Reached XP level 2. HP: 18/18 MP: 3/5
   330 | D:1      | Learned a level 2 spell: Sticks to Snakes
   793 | D:1      | Reached XP level 3. HP: 20/23 MP: 4/6
  1287 | D:1      | Learned a level 3 spell: Spider Form
  1545 | D:2      | Found a faded altar of an unknown god.
  1785 | D:2      | Noticed Robin
  1797 | D:2      | Reached XP level 4. HP: 5/29 MP: 2/7
  1810 | D:2      | Killed Robin
  2099 | D:2      | Found a stormy altar of Qazlal.
  2105 | D:2      | Found an iron altar of Okawaru.
  2122 | D:2      | Found a snail-covered altar of Cheibriados.
  2494 | D:3      | Reached XP level 5. HP: 22/34 MP: 2/8
  3231 | D:3      | Noticed Terence
  3240 | D:3      | Killed Terence
  3240 | D:3      | Reached XP level 6. HP: 33/41 MP: 7/10
  3262 | D:3      | Learned a level 4 spell: Ice Form
  3331 | D:3      | Found a burning altar of Makhleb.
  3331 | D:3      | Found a shattered altar of Ashenzari.
  3588 | D:4      | Noticed Purgy
  3606 | D:4      | Killed Purgy
  3648 | D:4      | Noticed a sky beast
  3656 | D:4      | Killed a sky beast
  3656 | D:4      | Reached XP level 7. HP: 38/46 MP: 7/11
  3684 | D:4      | Gained mutation: Your natural rate of healing is unusually fast. [mutagenic meat]
  3782 | D:4      | Noticed Dowan
  3785 | D:4      | Noticed Duvessa
  3793 | D:4      | Killed Dowan
  3805 | D:4      | HP: 2/46 [Duvessa/short sword (9)]
  3807 | D:4      | Slain by Duvessa

Vault maps used:
D:1:      mainiacjoe_arrival_reflecting_pool, minmay_split_cup_large
D:2:      kennysheep_goblin_castle, minmay_overflow_temple_star_quad,
          ecumenical_altar_1
D:3:      gammafunk_temple_overflow_statue, uniq_terence
D:4:      grunt_dithmenos_smoke_and_mirrors, first_bread, portal_sewer_entry_e,
          serial_shops, kennysheep_little_box, uniq_duvessa, uniq_blork_the_orc,
          uniq_purgy, uniq_robin

Skill      XL: |  1  2  3  4  5  6  7 |
---------------+----------------------+-----
Fighting       | 2 3 |  3.3
Unarmed Combat | 4 |  4.6
Transmutations | 3 4 |  4.0
Dodging        | 3 |  3.5
Spellcasting   | 3 |  3.1

Action                   |  1- 3 |  4- 6 |  7- 9 || total
-------------------------+-------+-------+-------++-------
Melee: Unarmed           |    81 |   100 |    25 ||   206
       Constrict         |    25 |    15 |     2 ||    42
       Tentacles         |    16 |     3 |     1 ||    20
       Dagger            |     4 |       |       ||     4
       Kick              |     7 |     9 |     1 ||    17
       Punch             |       |     2 |     2 ||     4
 Cast: Beastly Appendage |    21 |    17 |     1 ||    39
       Spider Form       |     2 |     6 |     1 ||     9
       Sticks to Snakes  |     2 |       |       ||     2
  Use: Scroll            |     7 |     2 |       ||     9
       Potion            |       |     2 |     2 ||     4
 Stab: Sleeping          |     4 |     1 |     1 ||     6
  Eat: Chunk             |     3 |     4 |     1 ||     8
       Bread ration      |       |     1 |       ||     1
Armor: Skin              |     3 |    10 |     1 ||    14
Dodge: Dodged            |    43 |    95 |    17 ||   155
